 Dungeon Crawl Stone Soup version 0.26.1-10-gdfb7c7de75 (webtiles) character file.

Game seed: 3863514843473806287

30 H0rd4k the Charlatan (level 3, 0/39 HPs)
             Began as a Human Artificer on Apr 8, 2021.
             Succumbed to an adder's poison
             ... on level 2 of the Dungeon.
             The game lasted 00:00:57 (1314 turns).

H0rd4k the Charlatan (Human Artificer)              Turns: 1314, Time: 00:00:57

Health: 0/39       AC: 21    Str: 13    XL:     3   Next: 37%
Magic:  1/3        EV:  2    Int: 11    God:
Gold:   42         SH:  0    Dex: 13    Spells: 2/2 levels left

rFire    . . .     SeeInvis .   n - +0 long sword
rCold    . . .     Faith    .   (no shield)
rNeg     + + +     Spirit   +   (armour currently unavailable)
rPois    +         Reflect  .   (helmet currently unavailable)
rElec    .         Harm     .   (cloak currently unavailable)
rCorr    .         Rampage  .   (gloves currently unavailable)
Will     .....     NoTele   +   (boots currently unavailable)
Stlth    ++........             l - amulet of guardian spirit
HPRegen  0.13/turn              (no ring)
MPRegen  0.08/turn              (no ring)

@: mighty, lethally poisoned (0 -> -14), tree-form
A: no striking features
a: no special abilities


You were on level 2 of the Dungeon.
You were a tree.
You visited 1 branch of the dungeon, and saw 2 of its levels.

You collected 42 gold pieces.

Inventory:

Hand Weapons
 f - a +0 short sword
 n - a +0 long sword (weapon)
Missiles
 g - 10 poisoned darts
Armour
 b - a +0 leather armour (melded)
Jewellery
 l - an amulet of guardian spirit (around neck)
Wands
 c - a wand of flame (15) (quivered)
 d - a wand of enslavement (15)
 e - a wand of random effects (15)
Scrolls
 j - a scroll of identify {unknown}
 k - a scroll of remove curse {unknown}
Potions
 a - a potion of might
 i - a potion of mutation {unknown}
 m - a potion of ambrosia {unknown}


   Skills:
 + Level 1.1 Fighting
 + Level 0.7 Short Blades
 + Level 2.1 Armour
 + Level 1.3 Dodging
 + Level 1.0 Stealth
 + Level 3.8 Evocations


You had 2 spell levels left.
You didn't know any spells.
Your spell library was empty.

Dungeon Overview and Level Annotations

Branches:
Dungeon (2/15)

Altars:


Message History

The adder poisons you! The adder bites you.
* * * LOW HITPOINT WARNING * * *
You barely miss the adder.
The adder is severely wounded.
* * * LOW HITPOINT WARNING * * *
You feel sick. The adder closely misses you.
You riposte.
You closely miss the adder.
The adder is severely wounded.
The adder bites you.
* * * LOW HITPOINT WARNING * * *
It was a potion of lignification.
You turn into a tree.
Your +0 leather armour melds into your body.
Your roots penetrate the ground.
* * * LOW HITPOINT WARNING * * *
You feel sick. The adder barely misses you.
You riposte.
You barely miss the adder.
The adder is severely wounded.
It was a potion of might.
You feel very mighty all of a sudden.
You die...

#. . . ###### ###.
.#... ...####...#
...#... #(#.# #
##.S♣# .### #....##
... ..
#....##..###.##...
...######........#
## ##...#....##
#......#########
#.....##†##........#
#. #.....
#..#........#...
.....
##.).....>....#


You could see an adder.

Vanquished Creatures
  3 dart slugs (D:1)
  5 hobgoblins (D:1)
  2 jackals (D:1)
  3 bats
  2 frilled lizards (D:1)
  2 goblins (D:2)
  4 kobolds (D:1)
  2 rats (D:1)
23 creatures vanquished.

Notes
Turn   | Place    | Note
-------+----------+-------------------------------------------
     0 | D:1      | H0rd4k the Human Artificer began the quest for the Orb.
     0 | D:1      | Reached XP level 1. HP: 15/15 MP: 1/1
   143 | D:1      | Reached XP level 2. HP: 14/21 MP: 2/2
   737 | D:1      | Reached XP level 3. HP: 26/26 MP: 3/3
  1312 | D:2      | HP: 1/26 [adder (2)]
  1314 | D:2      | Succumbed to an adder's poison

Illustrated notes

Levels and vault maps discovered:
D:1:      scummos_arrival_hexagon, layout_basic, serial_corexii_hall,
          chequers_hall_statues_y, chequers_hall_statues_y,
          chequers_hall_statues_corner_a, corexii_hall_statues_s
D:2:      layout_rooms, nicolae_dithmenos_through_a_glass_darkly,
          nicolae_ru_the_path_less_chosen, minmay_misc_feat_diagonals,
          minmay_quadrilaterals

Action                   || total
-------------------------++-------
Melee: Short sword       ||    66
       Club              ||     6
       Long sword        ||     7
  Use: Potion            ||     2
 Stab: Sleeping          ||     1
Armor: Leather armour    ||    30
Dodge: Dodged            ||    53
       Rpst.: Long sword ||     4
